 Dungeon Crawl Stone Soup version 0.18.1-47-g9310371 (webtiles) character file.

117 sleepydude the Gusty (level 4, 0/33 HPs)
             Began as a Draconian Air Elementalist on June 14, 2016.
             Succumbed to an adder's poison
             ... on level 2 of the Dungeon.
             The game lasted 00:33:18 (2460 turns).

sleepydude the Gusty (Draconian Air Elementalist)   Turns: 2460, Time: 00:33:18

Health: 0/33       AC:  5    Str: 10    XL:     4   Next: 71%
Magic:  4/9        EV: 12    Int: 19    God:
Gold:   31         SH:  0    Dex: 12    Spells: 2 memorised, 6 levels left

rFire  . . .     SeeInvis .     (no weapon)
rCold  . . .     Gourm    .     (armour unavailable)
rNeg   . . .     Faith    .     (no shield)
rPois  .         Spirit   .     (helmet restricted)
rElec  .         Dismiss  .     (no cloak)
rCorr  .         Reflect  .     (no gloves)
SustAt .         Harm     .     (no boots)
MR     .....                    (no amulet)
Stlth  ++........               (no ring)
                                g - +3 ring of intelligence

@: lethally poisoned (0 -> -3), swift, very slightly contaminated, slowed, slow,
not resistant to hostile enchantments, unstealthy
A: unfitting armour, cold-blooded, AC +5
a: no special abilities


You were on level 2 of the Dungeon.
You were not hungry.

You visited 1 branch of the dungeon, and saw 2 of its levels.

You collected 31 gold pieces.

Inventory:

Jewellery
 g - a +3 ring of intelligence (left hand)
Scrolls
 h - 2 scrolls of identify
 j - a scroll of remove curse
Potions
 c - a potion of berserk rage {unknown}
 d - a potion of cure mutation {unknown}
 e - a potion of invisibility {unknown}
 f - a potion of curing
 i - 2 potions of might {unknown}
Books
 a - a book of Air

   Spells                             Type                      Level
   a - Shock                          Conjuration/Air              1
   b - Swiftness                      Charms/Air                   2
   c - Repel Missiles                 Charms/Air                   2
   d - Static Discharge               Conjuration/Air              3
   e - Lightning Bolt                 Conjuration/Air              5
Comestibles
 b - 2 bread rations


   Skills:
 - Level 1.8 Dodging
 - Level 1.7 Stealth
 * Level 3.4 Spellcasting
 - Level 1.0 Conjurations
 * Level 4.4 Air Magic


You had 6 spell levels left.
You knew the following spells:

 Your Spells              Type           Power        Failure   Level  Hunger
a - Shock                 Conj/Air       ##..         6%          1    None
b - Swiftness             Chrm/Air       ##......     10%         2    ##.....


Dungeon Overview and Level Annotations

Branches:
Dungeon (2/15)

Altars:
The Shining One

Annotations:
D:2 Natasha


Innate Abilities, Weirdness & Mutations

Your plain brown scales are hard (AC +5).
Your body does not fit into most forms of armour.
You are cold-blooded and may be slowed by cold attacks.


Message History

Natasha casts a spell at you. The magic dart hits you!
The adder bites you but does no damage.
Read which item? (? for menu, Esc to quit)
Okay, then.
Casting: Shock
Confirm with . or Enter, or press ? or * to list all spells.
You feel quick. The adder bites you but does no damage.
Natasha casts a spell at you. The magic dart hits you!
* * * LOW HITPOINT WARNING * * *
The crimson imp shouts, "Embrace thy failure, thou unctious tickle-brained skainsmate!"
The crimson imp blinks!
The adder bites you but does no damage. Natasha claws you.
* * * LOW HITPOINT WARNING * * *
The crimson imp blinks!
Natasha stares at you and mumbles some strange words.
The magic dart hits you!
* * * LOW HITPOINT WARNING * * *
The adder misses you.
You die...

......#..............#
...........)........#
.............)......#
#.=............>..#
#.................#
#....)###'###.....#
#...5.# #.# ###'###
#...h.# #†# .# #.@.S.#
#.# ## #.....# #..
#§....# ### #######


You could see Natasha, a crimson imp and an adder.

Vanquished Creatures
  Jessica (D:2)
  Terence (D:2)
  2 worms (D:2)
  3 dart slugs (D:1)
  2 giant geckos
  6 bats
  3 giant cockroaches
  4 goblins
  3 hobgoblins
  5 jackals
  6 kobolds (D:1)
  11 giant newts
  8 rats
55 creatures vanquished.

Notes
Turn   | Place    | Note
--------------------------------------------------------------
     0 | D:1      | sleepydude the Draconian Air Elementalist began the quest for the Orb.
     0 | D:1      | Reached XP level 1. HP: 14/14 MP: 3/3
   294 | D:1      | Reached XP level 2. HP: 13/20 MP: 0/5
   394 | D:1      | Learned a level 2 spell: Swiftness
   637 | D:1      | Found a glowing golden altar of the Shining One.
  1195 | D:1      | Reached XP level 3. HP: 26/26 MP: 2/6
  1881 | D:2      | Noticed Jessica
  1892 | D:2      | Killed Jessica
  1892 | D:2      | Reached skill level 4 in Air Magic
  1892 | D:2      | Reached XP level 4. HP: 30/33 MP: 2/8
  2341 | D:2      | Noticed Terence
  2352 | D:2      | Killed Terence
  2445 | D:2      | Noticed Natasha
  2459 | D:2      | HP: 1/33 [Natasha/magic dart (5)]
  2460 | D:2      | Succumbed to an adder's poison

Skill      XL: |  1  2  3 |
---------------+----------+-----
Spellcasting   | 3 |  3.4
Air Magic      | 4 |  4.4
Dodging        | |  1.8
Stealth        | |  1.7
Conjurations   | |  1.0

Action                   |  1- 3 |  4- 6 || total
-------------------------+-------+-------++-------
Melee: Unarmed           |    31 |     2 ||    33
       Tailslap          |     6 |       ||     6
       Short sword       |     1 |       ||     1
 Cast: Shock             |    76 |    35 ||   111
       Swiftness         |     1 |     1 ||     2
  Use: Potion            |     5 |       ||     5
       Scroll            |     2 |       ||     2
  Eat: Pizza             |     1 |       ||     1
       Bread ration      |     1 |       ||     1
Armor: Skin              |    13 |    11 ||    24
Dodge: Dodged            |    26 |    17 ||    43
